 Dungeon Crawl Stone Soup version 0.19.1-1-g22dce08 (webtiles) character file.

944 Alarkh the Cleaver (level 7, 41/85 HPs)
             Began as a Black Draconian Monk on Jan 18, 2017.
             Was a Believer of Trog.
             Quit the game on level 5 of the Dungeon.
             The game lasted 00:04:39 (3742 turns).

Alarkh the Cleaver (Black Draconian Monk)           Turns: 3742, Time: 00:04:40

Health: 41/85      AC:  7    Str: 20      XL:     7   Next: 88%
Magic:  7/7        EV: 12    Int: 13      God:    Trog [**....]
Gold:   173        SH:  0    Dex: 11 (13) Spells: 0 memorised, 6 levels left

rFire  . . .     SeeInvis .     a - +0 war axe
rCold  . . .     Gourm    .     (armour unavailable)
rNeg   . . .     Faith    .     (no shield)
rPois  .         Spirit   .     (helmet restricted)
rElec  +         Reflect  .     g - +0 cloak
rCorr  .         Harm     .     (no gloves)
MR     .....                    (no boots)
Stlth  ..........               (no amulet)
                                (no ring)
                                q - +2 ring of strength

@: berserking, mildly poisoned (41 -> 39), very quick
A: breathe lightning, unfitting armour, electricity resistance, cold-blooded, AC
+6
a: Breathe Lightning, Berserk, Trog's Hand, Burn Spellbooks, Renounce Religion


You were on level 5 of the Dungeon.
You worshipped Trog.
Trog was pleased with you.
You were very hungry.

You visited 1 branch of the dungeon, and saw 5 of its levels.

You collected 173 gold pieces.

Inventory:

Hand Weapons
 a - a +0 war axe (weapon)
 m - a +1 hand axe
Missiles
 y - a throwing net (quivered)
Armour
 g - a +0 cloak (worn)
Jewellery
 k - an uncursed ring of teleportation
 q - a +2 ring of strength (left hand)
Wands
 v - a wand of teleportation (0/9)
 w - a wand of random effects (20/48)
 B - a wand of paralysis (14/24)
Scrolls
 d - a scroll of remove curse
 e - a scroll of identify
 f - a scroll of recharging
 l - 2 scrolls of amnesia {unknown}
 p - 2 scrolls of fog {unknown}
 r - 2 scrolls of random uselessness {unknown}
 s - 2 scrolls of enchant armour {unknown}
Potions
 i - a potion of curing
 j - 2 potions of flight
 u - a potion of degeneration {unknown}
 x - a potion of invisibility {unknown}
 z - a potion of mutation {unknown}
 C - a potion of magic {unknown}
Books
 n - a book of Maledictions

   Spells                             Type                      Level
   a - Corona                         Hexes                        1
   b - Ensorcelled Hibernation        Hexes/Ice                    2
   c - Confuse                        Hexes                        3
   d - Tukima's Dance                 Hexes                        3
   e - Dazzling Spray                 Conjuration/Hexes            3
   Trog disapproves of the use of such an item.
Comestibles
 b - 3 bread rations
 c - a meat ration
 h - 2 beef jerkies
 o - a slice of pizza
 t - 5 fruits
 A - 2 chunks of flesh


   Skills:
 - Level 3.2 Fighting
 + Level 9.6 Axes
 - Level 2.6 Dodging
 - Level 1.7 Stealth


You had 6 spell levels left.
You didn't know any spells.

Dungeon Overview and Level Annotations

Branches:
Dungeon (5/15)
 Temple: D:4-7

Altars:
Kikubaaqudgha
Makhleb
Trog

Annotations:
D:5 Eustachio


Innate Abilities, Weirdness & Mutations

You can breathe wild blasts of lightning.
Your glossy black scales are hard. (AC +6)
You cannot fit into any form of body armour.
You are resistant to electric shocks. (rElec)
You are cold-blooded and may be slowed by cold attacks.


Message History

You hit the slave.
You feel sick. Pikel barely misses you. The slave closely misses you.
You barely miss Pikel.
Your tail-slap misses Pikel.
Pikel is almost dead.
You barely miss the slave. Pikel hits you with a whip of flaming.
Pikel burns you. The slave hits you.
You slice Pikel!!
You kill Pikel!
Trog accepts your kill.
You feel your dexterity returning.
Your Axes skill gained 2 levels and is now at level 9!
You have reached level 7!
Your scales start taking on a glossy black colour.
You learn Air Magic much quicker.
You learn Earth Magic much slower.
You can breathe wild blasts of lightning.
You feel insulated.
You hit the slave.
With Pikel's spell broken, the former slave thanks you for its freedom.
You feel sick.
Are you sure you want to abandon this character and quit the game? (Confirm with "yes".)

........#####.##.......#
#.......Z.l>...Z......
....##..#####.##.....#.#
#..###...#####..........#
#...........######.######
#....#.#.##.# #...#
##.#...#.##.# #...#
##.#..#p).#.# #...#
....##.@.#.# #...#
#.#..#...#.#####...#####
#.(.....................
.........#.......(.......
.##..#.#...#.............
#..#.##.#######...####
... .....# #.......# ###
##.#### #.#...#.# ..
####.#<..#.#


You could see a neutral freed slave (wandering).

Vanquished Creatures
  Pikel (D:5)
  The ghost of Alarkh the Chopper, an amateur DrMo (D:4)
  A gnoll sergeant (D:4)
  2 hounds (D:4)
  2 worker ants
  4 gnolls
  5 adders
  2 worms (D:2)
  A dart slug (D:2)
  5 leopard geckos
  An orc (D:5)
  3 giant cockroaches
  9 goblins
  2 hobgoblins
  10 jackals
  10 kobolds
  A quokka (D:3)
  2 ball pythons
  10 bats
  8 frilled lizards
  A leopard gecko skeleton (D:5)
  6 rats
87 creatures vanquished.

Notes
Turn   | Place    | Note
-------+----------+-------------------------------------------
     0 | D:1      | Alarkh the Draconian Monk began the quest for the Orb.
     0 | D:1      | Reached XP level 1. HP: 19/19 MP: 1/1
    41 | D:1      | Reached XP level 2. HP: 21/26 MP: 2/2
    96 | D:1      | Reached skill level 4 in Axes
   428 | D:1      | Reached XP level 3. HP: 31/31 MP: 3/3
  1240 | D:2      | Reached XP level 4. HP: 19/38 MP: 4/4
  1287 | D:2      | Reached skill level 5 in Axes
  1445 | D:2      | Found an ancient bone altar of Kikubaaqudgha.
  2027 | D:3      | Found a bloodstained altar of Trog.
  2032 | D:3      | Became a worshipper of Trog the Wrathful
  2032 | D:3      | Reached * piety under Trog
  2032 | D:3      | Reached ** piety under Trog
  2253 | D:4      | Noticed Alarkh's ghost (amateur DrMo)
  2263 | D:4      | Killed Alarkh's ghost
  2263 | D:4      | Reached skill level 6 in Axes
  2263 | D:4      | Reached XP level 5. HP: 45/45 MP: 5/5
  2282 | D:4      | Found a burning altar of Makhleb.
  2386 | D:4      | Reached XP level 6. HP: 41/51 MP: 6/6
  2594 | D:4      | Reached skill level 7 in Axes
  3224 | D:5      | Entered Level 5 of the Dungeon
  3245 | D:5      | Noticed Eustachio
  3283 | D:5      | Noticed a sky beast
  3727 | D:5      | Noticed Pikel
  3729 | D:5      | Noticed a slave
  3741 | D:5      | Killed Pikel
  3741 | D:5      | Reached skill level 9 in Axes
  3741 | D:5      | Your scales start taking on a glossy black colour.
  3741 | D:5      | Reached XP level 7. HP: 42/57 MP: 7/7
  3741 | D:5      | Gained mutation: You are resistant to electric shocks. (rElec) [Black Draconian growth]
  3742 | D:5      | Quit the game

Skill      XL: |  1  2  3  4  5  6 |
---------------+-------------------+-----
Axes           | 4 6 9 |  9.6
Fighting       | |  3.2
Dodging        | |  2.6
Stealth        | |  1.7

Action                   |  1- 3 |  4- 6 |  7- 9 || total
-------------------------+-------+-------+-------++-------
Melee: Hand axe          |   134 |    62 |       ||   196
       Tailslap          |    14 |    14 |       ||    28
       War axe           |       |    95 |       ||    95
Invok: Berserk           |       |     5 |       ||     5
Evoke: Wand              |       |     1 |       ||     1
  Use: Scroll            |       |     7 |       ||     7
       Potion            |       |     1 |       ||     1
 Stab: Sleeping          |     3 |     4 |       ||     7
  Eat: Chunk             |     1 |    12 |       ||    13
Armor: Skin              |    41 |   105 |       ||   146
Dodge: Dodged            |   123 |   203 |       ||   326
